 Dungeon Crawl Stone Soup version 0.27.1-33-g824d729ab1 (webtiles) character file.

Game seed: 13818308931174342099

2 Descartes the Grasshopper (level 1, 9/9 HPs)
             Began as a Felid Warper on Dec 21, 2021.
             Was a Believer of Lugonu.
             Got out of the dungeon alive.
             The game lasted 00:00:41 (241 turns).

Descartes the Grasshopper (Felid Warper)             Turns: 241, Time: 00:00:41

Health: 9/9        AC:  1    Str:  7    XL:     1   Next: 33%
Magic:  4/4        EV: 17    Int: 14    God:    Lugonu [**....]
Gold:   0          SH:  0    Dex: 15    Spells: 4/4 levels left
                                        Lives:  0   Deaths: 0

rFire    . . .     SeeInvis +     - Unarmed
rCold    . . .     Faith    .   (shield unavailable)
rNeg     . . .     Spirit   .   (armour unavailable)
rPois    .         Reflect  .   (helmet unavailable)
rElec    .         Harm     .   (cloak unavailable)
rCorr    .         Rampage  .   (gloves unavailable)
Will     .....                  (boots unavailable)
Stlth    +.........             (no amulet)
HPRegen  0.03/turn              (no ring)
MPRegen  0.09/turn              (no ring)

@: quick
A: very small, claws 1, fangs 3, see invisible, speed 1, shaggy fur 1, stealthy
paws, no weapons or thrown items, no armour, multi-lived
a: Renounce Religion, Depart the Abyss, Bend Space


You escaped.
You worshipped Lugonu.
Lugonu was pleased with you.
You visited 1 branch of the dungeon, and saw 1 of its levels.

Inventory:

Scrolls
 a - a scroll of blinking


   Skills:
 - Level 2.0 Fighting
 + Level 3.3 Dodging
 + Level 2.1 Unarmed Combat
 - Level 2.0 Spellcasting
 - Level 4.4 Translocations


You had 4 spell levels left.
You didn't know any spells.
Your spell library contained the following spells:

 Spells                   Type           Power      Damage    Failure   Level
 Blink                    Tloc           N/A        N/A       6%          2
 Gell's Gravitas          Tloc           6%         N/A       12%         3
 Lesser Beckoning         Tloc           6%         N/A       12%         3
 Teleport Other           Tloc           13%        N/A       12%         3
 Manifold Assault         Tloc           13%        N/A       73%         5


Dungeon Overview and Level Annotations

Branches:
Dungeon (1/15)

Altars:
Lugonu


Innate Abilities, Weirdness & Mutations

You have sharp claws.
You have razor-sharp teeth.
You have supernaturally acute eyesight. (SInv)
You cover ground quickly. (Speed+)
You are covered in fur. (AC +1)
Your paws help you pounce on unaware monsters.
You are incapable of wielding weapons or throwing items.
You cannot wear armour.
You gain extra lives every three experience levels.


Message History

You open the door.
There is an open door here.
A dart slug comes into view.
You scratch the dart slug. You bite the dart slug.
The dart slug is severely wounded.
The dart slug launches a dart at you. The slug dart hits you.
You scratch the dart slug.
You kill the dart slug!
No target in view!
No target in view!
No target in view!
No target in view!
No target in view!
No target in view!
No target in view!
No target in view!
No target in view!
No target in view!
No target in view!
No target in view!
No target in view!
No target in view!
No target in view!
No target in view!
HP restored.
Found a faded altar of an unknown god.
There is a faded altar of an unknown god here.
Found 10 gold pieces.
There is a faded altar of an unknown god here.
You cannot tell which god this altar belongs to.
Convert to them anyway?
Lugonu accepts your prayer! Lugonu welcomes you!
You can now depart the Abyss.
You can now bend space around yourself.
There is an open door here.
You open the door.
There is an open door here.
There is a staircase leading out of the dungeon here.
Are you sure you want to leave the Dungeon?
This will make you lose the game!
You have escaped!

##.# ##...## #..#.#.#
##_## ##.....##
#....... #.##
##.......## #.......
##.##
#.........####...##.
##.#
+.........'.......#.
#.##
#.###.....####...##.
#.# ###.#....##
##.###. ... ###.###.##
#####. #.... +..@..'.#
#...
...#######.#######
#.##
###.#.............#
#.# #.####.#####.#####
#.# #$# ##.#####.###.#
#.#
#.........##.######.#
######.######........#
+....[......'.########
######.######.#


There were no monsters in sight!

Vanquished Creatures
  A dart slug (D:1)
1 creature vanquished.

Notes
Turn   | Place    | Note
-------+----------+-------------------------------------------
     0 | D:1      | Descartes the Felid Warper began the quest for the Orb.
     0 | D:1      | Reached XP level 1. HP: 9/9 MP: 4/4
   197 | D:1      | Found a faded altar of an unknown god.
   207 | D:1      | Became a worshipper of Lugonu the Unformed
   207 | D:1      | Reached * piety under Lugonu
   207 | D:1      | Reached ** piety under Lugonu
   241 | D:$      | Got out of the dungeon alive.

Illustrated notes

Levels and vault maps discovered:
D:1:      shiori_shiawase, layout_loops_corners,
          chequers_ecumenical_altar_twisty, minmay_pentomino_o2

Action                   || total
-------------------------++-------
Melee: Unarmed           ||     2
       Bite              ||     1
